 Dungeon Crawl Stone Soup version 0.26-a0-163-g6c8a0bf695 (webtiles) character file.

Game seed: 7061704871923729842

118 BritishOli the Slasher (level 4, -5/36 HPs)
             Began as a Demonspawn Monk on July 3, 2020.
             Slain by a worm (12 damage)
             ... on level 2 of the Dungeon.
             The game lasted 00:02:17 (2006 turns).

BritishOli the Slasher (Demonspawn Monk)            Turns: 2006, Time: 00:02:17

Health: -5/36      AC:  4    Str: 12    XL:     4   Next: 72%
Magic:  4/4        EV: 19    Int: 11    God:
Gold:   106        SH:  0    Dex: 16    Spells: 3/3 levels left

rFire    . . .     SeeInvis .   s - +1 short sword (curse)
rCold    . . .     Faith    .   (no shield)
rNeg     . . .     Spirit   .   b - +0 robe
rPois    .         Reflect  .   (no helmet)
rElec    .         Harm     .   (no cloak)
rCorr    .                      (no gloves)
MR       .....                  (no boots)
Stlth    ++........             (no amulet)
HPRegen  0.12/turn              (no ring)
MPRegen  0.09/turn              (no ring)

@: agile
A: yellow scales 1, demonic guardian 1, powered by pain 1
a: no special abilities


You were on level 2 of the Dungeon.
You were not hungry.

You visited 1 branch of the dungeon, and saw 2 of its levels.

You collected 106 gold pieces.

Inventory:

Hand Weapons
 a - a +0 falchion
 s - a cursed +1 short sword (weapon)
Armour
 b - a +0 robe (worn)
Wands
 p - a wand of random effects (19)
Scrolls
 e - a scroll of enchant weapon
 g - a scroll of teleportation
 l - a scroll of immolation {unknown}
 n - a scroll of remove curse {unknown}
 o - a scroll of amnesia {unknown}
 q - a scroll of fog {unknown}
Potions
 d - 3 potions of might
 f - a potion of stabbing {unknown}
 h - a potion of lignification {unknown}
 i - a potion of degeneration {unknown}
 j - a potion of flight {unknown}
 k - a potion of curing {unknown}
Comestibles
 c - 5 rations
 m - a chunk of flesh


   Skills:
 + Level 3.6 Fighting
 * Level 3.6 Long Blades
 + Level 1.2 Armour
 + Level 3.3 Dodging
 - Level 2.1 Stealth


You had 3 spell levels left.
You didn't know any spells.
Your spell library contained the following spells:

 Spells                   Type           Power        Failure   Level  Hunger
 Confusing Touch          Hex            #.......     71%         3    ####...
 Gell's Gravitas          Tloc           #.........   71%         3    ####...
 Petrify                  Tmut/Erth      #.......     98%         4    #####..
 Metabolic Englaciation   Hex/Ice        #.........   100%        5    ######.
 Yara's Violent Unravell  Hex/Tmut       #.........   100%        5    ######.


Dungeon Overview and Level Annotations

Branches:
Dungeon (2/15)

Altars:
Xom


Innate Abilities, Weirdness & Mutations

You are partially covered in yellow scales. (AC +2)
A weak demonic guardian rushes to your aid.
You sometimes gain a little power by taking damage.


Message History

A worm is nearby!
You are too injured to fight recklessly!
A worm is nearby!
You are too injured to fight recklessly!
A worm is nearby!
You are too injured to fight recklessly!
Unknown command.
You are too injured to fight recklessly!
You hit the worm.
The worm is almost dead.
You hit the worm but do no damage.
The worm is almost dead.
The worm bites you!
* * * LOW HITPOINT WARNING * * *
You focus on the pain.
You feel agile all of a sudden.
You completely miss the worm.
The worm is almost dead.
The worm bites you!
You die...

#.#.#**,^,**#......##..##.#....
#.#.#*,^,^,*#......##...#.#....
#[#.#**^^,**#......##.#........
#..,* *#+**##......##.#.#.#.###
**###,***#.###.$.....##.#.#.#....
,,,,,,,,*.......†....##.#...#.###
*********.........#####.##..#.#<*
,,,,,,,,,...................#.#,*
*********#......@..####.##.##.#.*
******* #......w..# #.##..#.#.#
*,,,,,* #.........# #.###.#.#..
*,,,,,***#.........# #.......#..
,,,,,,+,,..........# #....#..#..
*,,,,,***#.........# #....#.>#..
*,,,,,* #.........# #....##.#..
*,,,,,* #.........# #.........#
,,,**** *,,,,,,,,,* ##...##.#.#


You could see a worm.

Vanquished Creatures
  A centaur skeleton (D:2)
  4 adders (D:2)
  2 dart slugs (D:2)
  7 leopard geckos
  5 bats
  A giant cockroach (D:1)
  6 goblins
  5 hobgoblins
  12 jackals
  3 frilled lizards (D:1)
  2 kobolds (D:1)
  4 rats
52 creatures vanquished.

Notes
Turn   | Place    | Note
-------+----------+-------------------------------------------
     0 | D:1      | BritishOli the Demonspawn Monk began the quest for the Orb.
     0 | D:1      | Reached XP level 1. HP: 18/18 MP: 1/1
   343 | D:1      | Gained mutation: You are partially covered in yellow
                  | scales. (AC +2) [demonic ancestry]
   343 | D:1      | Reached XP level 2. HP: 24/24 MP: 2/2
   867 | D:1      | Gained mutation: You sometimes gain a little power by
                  | taking damage. [demonic ancestry]
   867 | D:1      | Reached XP level 3. HP: 29/29 MP: 3/3
  1601 | D:2      | Gained mutation: A weak demonic guardian rushes to your
                  | aid. [demonic ancestry]
  1601 | D:2      | Reached XP level 4. HP: 35/35 MP: 4/4
  1693 | D:2      | Found a shimmering altar of Xom.
  1712 | D:2      | Reached skill level 1 in Armour
  2006 | D:2      | Slain by a worm

Illustrated notes

Levels and vault maps discovered:
D:1:      kennysheep_arrival_forest, layout_basic
D:2:      layout_basic, marbit_many_paths, yredelemnul_forgotten_temple_becter,
          xom_butterflies, guppyfry_early_lair_pool

Skill      XL: |  1  2  3  4 |
---------------+-------------+-----
Stealth        | 2 |  2.1
Long Blades    | 3 |  3.6
Dodging        | 3 |  3.3
Armour         | 1 |  1.2
Fighting       | |  3.6

Action                   |  1- 3 |  4- 6 || total
-------------------------+-------+-------++-------
Melee: Falchion          |   124 |    14 ||   138
       Short sword       |       |    26 ||    26
  Use: Scroll            |       |     4 ||     4
 Stab: Sleeping          |     5 |     2 ||     7
       Distracted        |     1 |       ||     1
  Eat: Chunk             |     2 |     2 ||     4
Armor: Robe              |    33 |     7 ||    40
Dodge: Dodged            |   117 |    18 ||   135
       Rpst.: Falchion   |    34 |     3 ||    37

Table legend:
 A = Non-vault XP
 B = Vault XP
 C = Vault XP percentage of total XP
 D = Non-vault monster count
 E = Vault monster count
 F = Vault count percentage of total count
                 A         B        C        D         E       F
            +---------+---------+-------+---------+---------+-------
      Total |     169 |       0 |   0.0 |      52 |       0 |   0.0
            +---------+---------+-------+---------+---------+-------
        D:1 |      52 |       0 |   0.0 |      30 |       0 |   0.0
        D:2 |     117 |       0 |   0.0 |      22 |       0 |   0.0
            +---------+---------+-------+---------+---------+-------
